 Dungeon Crawl Stone Soup version 0.19-a0-829-g23a5e41 (webtiles) character file.

228 Dorikus the Covert (level 5, -16/24 HPs)
             Began as a Spriggan Enchanter on June 30, 2016.
             Demolished by an ogre
             ... wielding a +0 giant club
              (29 damage)
             ... on level 4 of the Dungeon.
             The game lasted 00:31:31 (3820 turns).

Dorikus the Covert (Spriggan Enchanter)             Turns: 3820, Time: 00:31:32

Health: -16/24     AC:  6    Str:  5    XL:     5   Next: 70%
Magic:  2/10       EV: 18    Int: 17    God:
Gold:   137        SH:  2    Dex: 16    Spells: 2 memorised, 4 levels left

rFire  . . .     SeeInvis +     a - +3 dagger
rCold  . . .     Gourm    .     b - +2 robe
rNeg   . . .     Faith    .     (shield restricted)
rPois  .         Spirit   .     (helmet restricted)
rElec  .         Dismiss  .     (no cloak)
rCorr  .         Reflect  .     (gloves unavailable)
SustAt .         Harm     .     (boots unavailable)
MR     .....     Clarity  +     (no amulet)
Stlth  ++++......               (no ring)
                                (no ring)

@: very quick, not resistant to hostile enchantments, stealthy
A: unfitting armour, horns 1, large bone plates 1, see invisible, clarity,
herbivore 3, speed 3, slow metabolism 2
a: no special abilities


You were on level 4 of the Dungeon.
You were hungry.

You visited 2 branches of the dungeon, and saw 5 of its levels.

You collected 137 gold pieces.

Inventory:

Hand Weapons
 a - a +3 dagger (weapon)
 l - a +0 short sword
Armour
 b - a +2 robe (worn)
Jewellery
 e - an uncursed ring of ice {unknown}
 m - a cursed amulet of inaccuracy {unknown}
 o - an uncursed ring of see invisible {unknown}
Scrolls
 g - 2 scrolls of teleportation
 h - a scroll of recharging
 n - 2 scrolls of identify
 p - a scroll of amnesia
 q - a scroll of remove curse
Potions
 f - 5 potions of curing
 i - a potion of heal wounds
 j - 2 potions of lignification
Books
 c - a book of Maledictions

   Spells                             Type                      Level
   a - Corona                         Hexes                        1
   b - Ensorcelled Hibernation        Hexes/Ice                    2
   c - Confuse                        Hexes                        3
   d - Tukima's Dance                 Hexes                        3
   e - Dazzling Spray                 Conjuration/Hexes            3
Comestibles
 d - 3 bread rations


   Skills:
 - Level 0.1 Fighting
 * Level 3.5 Short Blades
 - Level 3.3 Dodging
 - Level 8.0 Stealth
 - Level 2.8 Spellcasting
 - Level 4.0 Hexes


You had 4 spell levels left.
You knew the following spells:

 Your Spells              Type           Power        Failure   Level  Hunger
a - Confuse               Hex            ###.....     12%         3    ###....
b - Ensorcelled Hibernat  Hex/Ice        #.....       14%         2    ##.....


Dungeon Overview and Level Annotations

Branches:
Dungeon (4/15)             Temple (1/1) D:4

Altars:
Ashenzari
Cheibriados
Fedhas
Gozag
Hepliaklqana
Kikubaaqudgha
Nemelex Xobeh
Pakellas
Qazlal
Ru
Sif Muna
Uskayaw
Vehumet
Xom
Yredelemnul
The Shining One


Innate Abilities, Weirdness & Mutations

You are tiny and cannot use many weapons and most armour.
You have supernaturally acute eyesight. (SInv)
You are a herbivore.
You cover ground extremely quickly.
You need consume almost no food.
You have a pair of small horns on your head.
You are partially covered in large bone plates. (AC +2, SH +2)
You possess an exceptional clarity of mind.


Message History

The ogre is severely wounded.
The ogre completely misses you.
You hit the ogre but do no damage.
The ogre is severely wounded.
You hit the ogre.
The ogre is severely wounded.
The ogre closely misses you.
Casting: Ensorcelled Hibernation
Confirm with . or Enter, or press ? or * to list all spells.
Aiming: Confuse
Press: ? - help, Shift-Dir - straight line, f/p - ogre
Aim: an ogre, wielding a giant club (severely wounded, chance to defeat MR: 47%)
The ogre resists with some effort.
The ogre barely misses you.
You hit the ogre but do no damage.
The ogre is severely wounded.
You hit the ogre. You headbutt the ogre.
The ogre is almost dead.
The ogre hits you with a giant club!!
Ouch! That really hurt!
You die...

#..... #)...........#
+..... #............#.
#..... #............#..
#.....
#............#...####'#
#............#.....†..#
#............######...#
#....O.......#...##...#
#.....@......#........#
#............#........#
#............'...##...#
#............#...##...#
#......#######...##...#
#......#..............#
#......#..............#
#......#..............#
#......#....##...##...#


You could see an ogre.

Vanquished Creatures
  A scorpion (D:4)
  An orc priest (D:2)
  An orc wizard (D:4)
  A worker ant (D:4)
  4 adders
  A worm (D:2)
  2 dart slugs
  2 giant geckos
  6 orcs
  2 giant cockroaches (D:2)
  3 goblins
  6 hobgoblins
  4 jackals
  3 ball pythons
  4 bats
  3 giant newts
  2 kobolds (D:1)
  9 rats
55 creatures vanquished.

Notes
Turn   | Place    | Note
--------------------------------------------------------------
     0 | D:1      | Dorikus the Spriggan Enchanter began the quest for the Orb.
     0 | D:1      | Reached XP level 1. HP: 9/9 MP: 5/5
   842 | D:1      | Reached XP level 2. HP: 13/13 MP: 6/6
   846 | D:1      | Learned a level 2 spell: Ensorcelled Hibernation
  1047 | D:2      | Gained mutation: You possess an exceptional clarity of mind. [potion of mutation]
  1047 | D:2      | Gained mutation: You have a pair of small horns on your head. [potion of mutation]
  1047 | D:2      | Gained mutation: You are partially covered in large bone plates. (AC +2, SH +2) [potion of mutation]
  1072 | D:2      | Reached skill level 5 in Stealth
  1211 | D:2      | Reached XP level 3. HP: 16/16 MP: 8/8
  1216 | D:2      | Learned a level 3 spell: Confuse
  1952 | D:2      | Reached skill level 6 in Stealth
  2165 | D:2      | Reached XP level 4. HP: 21/21 MP: 2/9
  2363 | D:3      | Found a hazy altar of Hepliaklqana.
  2434 | D:3      | Reached skill level 7 in Stealth
  2949 | D:3      | Found an ancient bone altar of Kikubaaqudgha.
  3128 | D:4      | Found a staircase to the Ecumenical Temple.
  3138 | Temple   | Entered the Ecumenical Temple
  3489 | D:4      | Reached XP level 5. HP: 24/24 MP: 10/10
  3561 | D:4      | Reached skill level 8 in Stealth
  3805 | D:4      | Noticed an ogre
  3820 | D:4      | Demolished by an ogre

Vault maps used:
D:1:      eino_arrival_cavern_d, minmay_pentomino_p4
D:3:      nicolae_overflow_crystal_walls, old_standard_altar
D:4:      zin_treasury, first_bread
Temple:   eino_temple_water

Skill      XL: |  1  2  3  4  5 |
---------------+----------------+-----
Hexes          | 4 |  4.0
Stealth        | 5 6 7 8 |  8.0
Short Blades   | 2 3 |  3.5
Fighting       | |  0.1
Dodging        | |  3.3
Spellcasting   | |  2.8

Action                   |  1- 3 |  4- 6 || total
-------------------------+-------+-------++-------
Melee: Dagger            |   123 |   108 ||   231
       Headbutt          |    10 |    23 ||    33
       Short sword       |       |    54 ||    54
 Cast: Ensorcelled Hiber |     2 |    17 ||    19
       Confuse           |     6 |     2 ||     8
  Use: Scroll            |     9 |     7 ||    16
       Potion            |     1 |       ||     1
 Stab: Sleeping          |    14 |    15 ||    29
       Confused          |     2 |       ||     2
       Distracted        |       |     1 ||     1
  Eat: Fruit             |       |     2 ||     2
Armor: Robe              |    16 |    19 ||    35
Dodge: Dodged            |   101 |    85 ||   186
Block: Other             |     7 |     9 ||    16
